[Event "8th Menchik Memorial 2024"]
[Site "London"]
[Date "2024.03.22"]
[Round "1.1"]
[White "Sivanandan, Bodhana"]
[Black "Arakhamia-Grant, Ketevan"]
[Result "1/2-1/2"]
[ECO "B80"]
[WhiteElo "2088"]
[BlackElo "2290"]
[Annotator "RC"]
[PlyCount "104"]
[EventDate "2024.03.22"]
[EventType "tourn"]
[EventCountry "ENG"]
[SourceTitle "playchess.com"]
[Source "ChessBase"]
[SourceQuality "1"]
[TimeControl "5400+30"]

1. e4 c5 2. Nf3 e6 3. g3 Nc6 4. Bg2 Nf6 5. Nc3 Be7 6. O-O d6 7. Re1 O-O 8. d4 cxd4 9. Nxd4 Qc7 10. Be3 a6 11. h3 Bd7 12. Qd2 Rac8 13. Nxc6 Bxc6 14. Rad1 b5 15. a3 a5 16. Bg5 Rfd8 17. Qe3 Re8 18. Qd3 b4 19. axb4 axb4 20. Ne2 Red8 21. Nd4 Ba8 22. Rd2 h6 23. Nb5 Qa5 24. Bxf6 Bxf6 25. Nd4 Qc5 26. Red1 d5 27. Nb3 Qb6 28. Qe2 dxe4 29. Rxd8+ Rxd8 30. Rxd8+ Qxd8 31. Bxe4 Bxb2 32. Bxa8 Qxa8 33. Qc4 Bc3 34. Qd3 g6 35. Nc5 Qd5 36. Qxd5 exd5 37. Kf1 Kf8 38. Ke2 Ke7 39. Kd3 Be1 40. Ke2 Bc3 41. Kd3 Kd6 42. Nb7+ Kc7 43. Nc5 Kc6 44. Nb3 h5 45. f3 Kd6 46. Nc1 f5 47. Ne2 Be5 48. g4 fxg4 49. fxg4 Ke6 50. Nd4+ Kf6 51. Nf3 Bc3 52. Ke3 hxg4 1/2-1/2

[Event "8th Menchik Memorial 2024"]
[Site "London"]
[Date "2024.03.22"]
[Round "1.2"]
[White "Subramanian, Anusha"]
[Black "Smith, Olivia"]
[Result "1-0"]
[ECO "C42"]
[WhiteElo "1997"]
[BlackElo "2054"]
[Annotator "RC"]
[PlyCount "125"]
[EventDate "2024.03.22"]
[EventType "tourn"]
[EventCountry "ENG"]
[SourceTitle "playchess.com"]
[Source "ChessBase"]
[SourceQuality "1"]
[TimeControl "5400+30"]

1. e4 e5 2. Nf3 Nf6 3. Nxe5 d6 4. Nf3 Nxe4 5. Nc3 Nxc3 6. dxc3 Be7 7. Be3 Nc6 8. Qd2 Be6 9. Bd3 Qd7 10. a3 a6 11. h3 Ne5 12. Nd4 Nc4 13. Bxc4 Bxc4 14. g4 O-O-O 15. Nf5 Bf6 16. O-O-O Be6 17. Nd4 Qa4 18. f4 h6 19. Qd3 Kb8 20. Nxe6 fxe6 21. Qg6 Qc4 22. Kb1 c5 23. Rd2 Qb5 24. Kc1 Rhe8 25. h4 Qc6 26. Rhd1 d5 27. g5 hxg5 28. hxg5 Be7 29. Qxg7 Bf8 30. Qh7 Rd7 31. Qh5 Rc8 32. Qf3 Bg7 33. f5 exf5 34. Rxd5 Rxd5 35. Qxd5 Qg6 36. Rf1 Qe8 37. Bxc5 Qe2 38. Bd6+ Ka8 39. Qxf5 Rd8 40. Bc5 Be5 41. Bd4 Bxd4 42. cxd4 Qe3+ 43. Kb1 Qxd4 44. g6 Rd7 45. c3 Qd6 46. Qf8+ Qxf8 47. Rxf8+ Ka7 48. Rf1 Rg7 49. Rg1 Kb6 50. Rg5 Kc6 51. Kc2 Kd6 52. c4 Ke6 53. Kc3 Kf6 54. Rg3 Ke6 55. b4 Kd6 56. c5+ Kc6 57. Kd4 Kb5 58. Ke5 a5 59. bxa5 Kxa5 60. Kf6 Rc7 61. g7 Rc6+ 62. Ke7 Rc7+ 63. Kd8 1-0

[Event "8th Menchik Memorial 2024"]
[Site "London"]
[Date "2024.03.22"]
[Round "1.3"]
[White "Hunt, Harriet V"]
[Black "Hryshchenko, Kamila"]
[Result "1-0"]
[ECO "B06"]
[WhiteElo "2307"]
[BlackElo "2186"]
[Annotator "RC"]
[PlyCount "151"]
[EventDate "2024.03.22"]
[EventType "tourn"]
[EventCountry "ENG"]
[SourceTitle "playchess.com"]
[Source "ChessBase"]
[SourceQuality "1"]
[TimeControl "5400+30"]

1. e4 d6 2. d4 g6 3. Nc3 Bg7 4. Be3 c6 5. a4 Nd7 6. Nf3 Ngf6 7. h3 a5 8. e5 Nd5 9. Nxd5 cxd5 10. exd6 exd6 11. Bb5 O-O 12. O-O Nf6 13. c3 Bd7 14. Qb3 Bc6 15. Rfe1 Ne4 16. Nh2 Re8 17. Re2 Re6 18. Rae1 Qc7 19. Bf4 Rae8 20. Ng4 Nf6 21. Ne3 h6 22. Bg3 Qb6 23. Bh4 g5 24. Bg3 Bf8 25. Bc4 Qxb3 26. Bxb3 Nd7 27. Bc2 Nb6 28. b3 Bd7 29. Bd3 Rc8 30. Rc1 f5 31. f4 Bg7 32. Rcc2 Rf8 33. Nd1 Rg6 34. Nf2 Bf6 35. Re3 Rf7 36. fxg5 Bxg5 37. Rf3 Re6 38. Re2 Rxe2 39. Bxe2 Nc8 40. Nd3 Re7 41. Kf1 Be6 42. Nf4 Bf7 43. Bd3 Re4 44. Bxe4 dxe4 45. Rf2 Bxb3 46. Rb2 Bc4+ 47. Kf2 b6 48. h4 Be7 49. Ke3 Kf7 50. Ne2 Ke6 51. h5 Bf8 52. Bf4 Ne7 53. Kf2 Nc8 54. Be3 Kd5 55. Ng3 Ke6 56. Nf1 d5 57. Nd2 Ba6 58. Bf4 Kd7 59. Nf1 Bb7 60. Ne3 Ke6 61. Bc7 Bc6 62. g3 Bxa4 63. Bxb6 Be8 64. Bxa5 Nd6 65. Rb8 Be7 66. Bd8 Bxd8 67. Rxd8 Bxh5 68. Ng2 Bf7 69. Rh8 Nb5 70. Rxh6+ Kd7 71. Rf6 Ke7 72. Rxf5 Nxc3 73. Nf4 Bg8 74. g4 Kd6 75. g5 Nb5 76. Ke3 1-0

[Event "8th Menchik Memorial 2024"]
[Site "London"]
[Date "2024.03.22"]
[Round "1.4"]
[White "Cosman, Andreea-Marioara"]
[Black "Steil-Antoni, Fiona"]
[Result "1/2-1/2"]
[ECO "D34"]
[WhiteElo "2115"]
[BlackElo "2154"]
[Annotator "RC"]
[PlyCount "34"]
[EventDate "2024.03.22"]
[EventType "tourn"]
[EventCountry "ENG"]
[SourceTitle "playchess.com"]
[Source "ChessBase"]
[SourceQuality "1"]
[TimeControl "5400+30"]

1. c4 e6 2. Nc3 d5 3. d4 c5 4. cxd5 exd5 5. Nf3 Nc6 6. g3 c4 7. Bg2 Nf6 8. O-O Be7 9. Bf4 O-O 10. Ne5 Bf5 11. Bg5 Qa5 12. Bxf6 gxf6 13. Nf3 Rfd8 14. Qd2 Be4 15. Nh4 Bxg2 16. Kxg2 Bf8 17. Qf4 Qb6 1/2-1/2

[Event "8th Menchik Memorial 2024"]
[Site "London"]
[Date "2024.03.22"]
[Round "1.5"]
[White "Garcia Martin, Marta"]
[Black "Navrotescu, Andreea"]
[Result "1-0"]
[ECO "B13"]
[WhiteElo "2356"]
[BlackElo "2200"]
[Annotator "RC"]
[PlyCount "81"]
[EventDate "2024.03.22"]
[EventType "tourn"]
[EventCountry "ENG"]
[SourceTitle "playchess.com"]
[Source "ChessBase"]
[SourceQuality "1"]
[TimeControl "5400+30"]

1. e4 c6 2. d4 d5 3. exd5 cxd5 4. Bd3 Nc6 5. c3 Nf6 6. Bf4 Bg4 7. Qb3 Qd7 8. Nd2 e6 9. Ngf3 Bd6 10. Bxd6 Qxd6 11. O-O O-O 12. Rfe1 Rab8 13. Ne5 b5 14. Nxc6 Qxc6 15. Qb4 Rfc8 16. Reb1 Qa8 17. Nb3 Rc4 18. Qd6 Rc6 19. Qb4 Rc4 20. Qa5 Bf5 21. Bxf5 exf5 22. Nc5 b4 23. Na6 Rb6 24. Nxb4 h5 25. Re1 Qb8 26. Nxd5 Ng4 27. Nxb6 Qxh2+ 28. Kf1 Qf4 29. Re2 axb6 30. Qa8+ Kh7 31. g3 Qd6 32. Kg2 Rc6 33. Qe8 Qd5+ 34. f3 Rg6 35. Rh1 f4 36. Qe4 Qxe4 37. Rxe4 f5 38. Rxh5+ Kg8 39. Rxf5 Ne3+ 40. Rxe3 fxe3 41. Re5 1-0

[Event "8th Menchik Memorial 2024"]
[Site "London"]
[Date "2024.03.22"]
[Round "2.1"]
[White "Arakhamia-Grant, Ketevan"]
[Black "Navrotescu, Andreea"]
[Result "1-0"]
[ECO "B12"]
[WhiteElo "2290"]
[BlackElo "2200"]
[Annotator "TA"]
[PlyCount "51"]
[EventDate "2024.03.22"]
[EventType "tourn"]
[EventCountry "ENG"]
[SourceTitle "playchess.com"]
[Source "ChessBase"]
[SourceQuality "1"]
[TimeControl "5400+30"]

1. e4 c6 2. d4 d5 3. e5 Bf5 4. h4 h5 5. Bd3 Bxd3 6. Qxd3 Qa5+ 7. b4 Qxb4+ 8. Nd2 {[%emt 0:00:16] Strongly threatening Rb1. Black has an edge.} Qb5 (8... e6 $142) 9. c4 $11 dxc4 10. Nxc4 {[%emt 0:00:11][%cal Oe5e6] e6! is the strong threat.} e6 11. Ne2 {[%emt 0:08:36][%mdl 1024] Nc3 would now be deadly. White has compensation.} Na6 12. Nc3 Nb4 $1 13. Qe2 Qa6 14. Ne4 $36 {[%emt 0:01:28][%mdl 2048] Hoping for Rh3. White has good play.} Nh6 $2 (14... O-O-O $1 $11 {and Black is okay.}) 15. Ned6+ (15. Bxh6 $1 $18 Rxh6 16. Rb1) 15... Bxd6 $16 16. Nxd6+ Ke7 $2 {[%emt 0:03:56] [#] A mistake that costs the game.} (16... Kf8 $16) 17. Bxh6 $1 $18 (17. Qxh5 $2 Nc2+ (17... Nxa2 $2 18. Bxh6 Qa5+ 19. Kf1 $18) 18. Kd1 Nxa1 $19 (18... Qd3+ $2 19. Bd2 $19)) 17... Rxh6 {[%emt 0:16:32] [#]} 18. Rb1 $1 (18. Qxa6 Nxa6 19. Nxb7 Rg6 $11) 18... Qxe2+ 19. Kxe2 Nd5 (19... a5 $142 20. a3 (20. Nxb7 Rhh8 $14) 20... Nc2 21. Rxb7+ (21. Nxb7 Rhh8 $11) 21... Kf8) 20. Rxb7+ ({Worse is} 20. Nxb7 Nc3+ 21. Ke3 Nxb1 22. Rxb1 Rhh8 $17) 20... Kf8 21. Nxf7 ({Weaker is} 21. Rxf7+ Kg8 22. Rc1 Rg6 $18) 21... Rg6 22. Ng5 Rd8 23. Rxa7 Rb8 (23... Nc3+ $142 24. Ke3 Nb5) 24. Rc1 Rb2+ 25. Kf3 Ne7 26. Ra8+ {[%emt 0:00:12] Weighted Error Value: White=0.10 (very precise) /Black=0.65.  Loses game:     	---       	Black=2      Mistake:       	White=1     	Black=3      Inaccurate:     	White=1     	---        OK:         	White=9     	Black=8      Best:        	White=1     	Black=1      Strong:       	White=2     	Black=1} 1-0

[Event "8th Menchik Memorial 2024"]
[Site "London"]
[Date "2024.03.22"]
[Round "2.2"]
[White "Steil-Antoni, Fiona"]
[Black "Garcia Martin, Marta"]
[Result "0-1"]
[ECO "B07"]
[WhiteElo "2154"]
[BlackElo "2356"]
[Annotator "TA"]
[PlyCount "50"]
[EventDate "2024.03.22"]
[EventType "tourn"]
[EventCountry "ENG"]
[SourceTitle "playchess.com"]
[Source "ChessBase"]
[SourceQuality "1"]
[TimeControl "5400+30"]

1. e4 d6 2. d4 Nf6 3. Nc3 g6 4. Bg5 Bg7 5. e5 dxe5 6. dxe5 Qxd1+ 7. Rxd1 Nfd7 8. f4 Nb6 9. Nf3 f6 10. Bh4 O-O {[%emt 0:01:29] Die Stellung ist ausgeglichen.} 11. a4 {[%emt 0:03:52] [#] a5 ist eine echte Drohung.} Nc6 12. Bb5 Bg4 13. exf6 Bxf6 14. Bf2 (14. Bxf6 $11 {bleibt in der Remisbreite.} Bxf3 15. Bxe7 Nxe7 (15... Bxd1 16. Bxf8 Bxc2 17. Bh6 $11) 16. gxf3) 14... Bxc3+ 15. bxc3 Bxf3 16. gxf3 Rxf4 17. Be3 (17. Bg3 $17 Rxf3 18. Bxc6 bxc6 19. Rd3 Rxd3 20. cxd3) 17... Rxf3 $19 18. Ke2 (18. Bxb6 {ist wohl besser.} cxb6 (18... axb6 19. Rd7 $17) 19. Rd7) 18... Rf6 19. h4 a6 20. Bd3 Ne5 21. Be4 Re6 {[%emt 0:07:29] Droht stark ...Nec4.} 22. Bxb7 Rb8 23. Bxa6 {[%emt 0:02:12] [#]} (23. Bxb6 Nc4+ (23... cxb6 $2 {zu gefräßig.} 24. Bd5 $18) (23... Rxb6 24. Be4 $17) (23... Rxb7 $2 24. Rd8+ Kg7 25. Bd4 $17) 24. Kf3 Rxb7 (24... Nxb6 25. Bxa6 Rf8+ 26. Kg3 $17) 25. Bc5) 23... Nxa4 {[%emt 0:01:30] Ein dynamisches Springerpaar. Schwarz steht klar auf Gewinn.} 24. Ra1 Rxa6 25. Ra3 Nc4 {[%emt 0:00:10] Weiß schien mit der Eröffnung nicht zurechtzukommen.   Gewichteter Fehlerwert: Weiß=0.82/Schwarz=0.14 (sehr präzise) .  Fehler:       	Weiß=4     	---        Ungenau:       	Weiß=2     	Schwarz=1     OK:         	Weiß=4     	Schwarz=8     Bester:       	---       	Schwarz=2} 0-1

[Event "8th Menchik Memorial 2024"]
[Site "London"]
[Date "2024.03.22"]
[Round "2.3"]
[White "Hryshchenko, Kamila"]
[Black "Cosman, Andreea-Marioara"]
[Result "1/2-1/2"]
[ECO "B21"]
[WhiteElo "2186"]
[BlackElo "2115"]
[Annotator "RC"]
[PlyCount "99"]
[EventDate "2024.03.22"]
[EventType "tourn"]
[EventCountry "ENG"]
[SourceTitle "playchess.com"]
[Source "ChessBase"]
[SourceQuality "1"]
[TimeControl "5400+30"]

1. e4 c5 2. d3 Nc6 3. Be2 g6 4. f4 d5 5. Nf3 Nf6 6. e5 Nh5 7. O-O Bh6 8. Ne1 Ng7 9. Nc3 Ne6 10. Bg4 O-O 11. Ne2 f6 12. exf6 exf6 13. c3 Qd6 14. Bf3 f5 15. a4 b6 16. g3 Bb7 17. Nc2 Bg7 18. Ne3 d4 19. Nc4 Qd7 20. a5 Nxa5 21. Nxa5 Bxf3 22. Rxf3 bxa5 23. c4 Rab8 24. Rxa5 Rb4 25. Rf1 Qb7 26. h3 Bf6 27. Kh2 Bd8 28. Ra2 Bc7 29. Ng1 g5 30. Rf2 Rf7 31. Qh5 Rb6 32. Qf3 Qxf3 33. Rxf3 g4 34. Rf1 Bb8 35. Re1 Rf6 36. Ra3 Kf7 37. b3 h5 38. h4 Nd8 39. Bd2 Nc6 40. Ne2 Re6 41. Nc1 Bd6 42. Rxe6 Kxe6 43. Kg2 Kd7 44. Ra2 Rb8 45. Kf2 Re8 46. Ra4 Rb8 47. Ra2 Kc7 48. Ra6 Kb7 49. Ra4 Kc7 50. Ra6 1/2-1/2

[Event "8th Menchik Memorial 2024"]
[Site "London"]
[Date "2024.03.22"]
[Round "2.4"]
[White "Smith, Olivia"]
[Black "Hunt, Harriet V"]
[Result "0-1"]
[ECO "B23"]
[WhiteElo "2054"]
[BlackElo "2307"]
[Annotator "RC"]
[PlyCount "86"]
[EventDate "2024.03.22"]
[EventType "tourn"]
[EventCountry "ENG"]
[SourceTitle "playchess.com"]
[Source "ChessBase"]
[SourceQuality "1"]
[TimeControl "5400+30"]

1. e4 c5 2. Nc3 a6 3. Nge2 d6 4. g3 Nc6 5. Bg2 g6 6. O-O Bg7 7. h3 e6 8. f4 Nge7 9. d3 O-O 10. g4 f5 11. Be3 Nd4 12. Ng3 Kh8 13. Nce2 Nxe2+ 14. Nxe2 Bxb2 15. Rb1 Bg7 16. c4 Qc7 17. g5 Rb8 18. h4 Nc6 19. e5 dxe5 20. Bxc5 Re8 21. h5 b6 22. Be3 Bd7 23. h6 Bf8 24. d4 Na5 25. fxe5 Nxc4 26. Bf4 Bc6 27. d5 Bxd5 28. Bxd5 Rbd8 29. Qa4 Qc5+ 30. Kh2 exd5 31. Qb3 b5 32. Ng3 Nxe5 33. Qb2 d4 34. Rbc1 Nc4 35. Qc2 Bd6 36. a4 Bxf4 37. Rxf4 Re3 38. Rd1 Qe5 39. Qf2 d3 40. axb5 axb5 41. Kh3 d2 42. Rf3 Qc3 43. Rf4 Nb2 0-1

[Event "8th Menchik Memorial 2024"]
[Site "London"]
[Date "2024.03.22"]
[Round "2.5"]
[White "Sivanandan, Bodhana"]
[Black "Subramanian, Anusha"]
[Result "1/2-1/2"]
[ECO "C47"]
[WhiteElo "2088"]
[BlackElo "1997"]
[Annotator "RC"]
[PlyCount "90"]
[EventDate "2024.03.22"]
[EventType "tourn"]
[EventCountry "ENG"]
[SourceTitle "playchess.com"]
[Source "ChessBase"]
[SourceQuality "1"]
[TimeControl "5400+30"]

1. e4 e5 2. Nf3 Nc6 3. Nc3 Nf6 4. d4 exd4 5. Nxd4 Bb4 6. Nxc6 bxc6 7. Bd3 O-O 8. O-O d5 9. exd5 Bxc3 10. bxc3 cxd5 11. h3 Re8 12. Bg5 h6 13. Bh4 c5 14. Qf3 Be6 15. Bb5 Rf8 16. Rad1 Rb8 17. c4 Rb6 18. Ba4 d4 19. Bb3 Qa8 20. Qxa8 Rxa8 21. Bxf6 gxf6 22. c3 dxc3 23. Rd3 Rb4 24. Rxc3 Rd8 25. Rfc1 Rd4 26. f3 a5 27. a3 Rb6 28. g4 Kg7 29. Kf2 f5 30. Re1 Kf6 31. Kg3 Rbd6 32. gxf5 Bxf5 33. Re8 Rd3 34. Rxd3 Rxd3 35. Bc2 Rxa3 36. Bxf5 Kxf5 37. Rc8 Rc3 38. Rxc5+ Kg6 39. Rxa5 Rxc4 40. h4 Rb4 41. h5+ Kg7 42. f4 Rb1 43. Kg4 Rg1+ 44. Kf5 Rh1 45. Kg4 Rg1+ 1/2-1/2

[Event "8th Menchik Memorial 2024"]
[Site "London"]
[Date "2024.03.23"]
[Round "3.1"]
[White "Subramanian, Anusha"]
[Black "Arakhamia-Grant, Ketevan"]
[Result "0-1"]
[ECO "E60"]
[WhiteElo "1997"]
[BlackElo "2290"]
[Annotator "RC"]
[PlyCount "96"]
[EventDate "2024.03.22"]
[EventType "tourn"]
[EventCountry "ENG"]
[SourceTitle "playchess.com"]
[Source "ChessBase"]
[SourceQuality "1"]
[TimeControl "5400+30"]

1. Nf3 Nf6 2. b3 d6 3. d4 g6 4. Bb2 Bg7 5. g3 O-O 6. Bg2 Nbd7 7. O-O a5 8. c4 c6 9. Qc2 Re8 10. Rd1 Qc7 11. e4 e5 12. Nc3 exd4 13. Nxd4 Nc5 14. a3 Qb6 15. h3 Bd7 16. Rab1 Re7 17. Kh2 Rae8 18. f3 Nh5 19. Nce2 f5 20. b4 axb4 21. axb4 Na6 22. c5 dxc5 23. bxc5 Qc7 24. Qc4+ Kh8 25. exf5 gxf5 26. f4 Bc8 27. Bf3 Nf6 28. Nc3 h5 29. h4 Re3 30. Bc1 Rxf3 31. Nxf3 Be6 32. Qd3 Nxc5 33. Qc2 Ng4+ 34. Kg2 Qa5 35. Bd2 Qa7 36. Ra1 Qb6 37. Nh2 Nb3 38. Nxg4 Nxa1 39. Rxa1 hxg4 40. Rb1 Qc5 41. Qd3 b5 42. h5 b4 43. Na4 Bd5+ 44. Kf1 Qc4 45. Qxc4 Bxc4+ 46. Kg1 Bd4+ 47. Kh1 Bd5+ 48. Kh2 Re2# 0-1

[Event "8th Menchik Memorial 2024"]
[Site "London"]
[Date "2024.03.23"]
[Round "3.2"]
[White "Hunt, Harriet V"]
[Black "Sivanandan, Bodhana"]
[Result "1-0"]
[ECO "B12"]
[WhiteElo "2307"]
[BlackElo "2088"]
[Annotator "RC"]
[PlyCount "71"]
[EventDate "2024.03.22"]
[EventType "tourn"]
[EventCountry "ENG"]
[SourceTitle "playchess.com"]
[Source "ChessBase"]
[SourceQuality "1"]
[TimeControl "5400+30"]

1. e4 c6 2. d4 d5 3. e5 Bf5 4. Be3 e6 5. Nd2 Nd7 6. c3 c5 7. Ngf3 Rc8 8. Be2 a6 9. O-O Ne7 10. c4 dxc4 11. Nxc4 Nd5 12. Bg5 Qc7 13. Rc1 Qb8 14. Ne3 Nxe3 15. fxe3 h6 16. Bh4 g5 17. Bg3 Bg7 18. h4 g4 19. Nd2 h5 20. Nc4 Bf8 21. Bd3 b5 22. Nd6+ Bxd6 23. exd6 Bxd3 24. Qxd3 O-O 25. dxc5 Rxc5 26. Rxc5 Nxc5 27. Qd4 Nd7 28. Rc1 b4 29. Rc7 Qb5 30. b3 Rd8 31. Kh2 Nf8 32. Rc5 Qf1 33. Rxh5 Ng6 34. Qxg4 Kf8 35. Rc5 Qd3 36. Qg5 1-0

[Event "8th Menchik Memorial 2024"]
[Site "London"]
[Date "2024.03.23"]
[Round "3.3"]
[White "Cosman, Andreea-Marioara"]
[Black "Smith, Olivia"]
[Result "1-0"]
[ECO "D27"]
[WhiteElo "2115"]
[BlackElo "2054"]
[Annotator "RC"]
[PlyCount "45"]
[EventDate "2024.03.22"]
[EventType "tourn"]
[EventCountry "ENG"]
[SourceTitle "playchess.com"]
[Source "ChessBase"]
[SourceQuality "1"]
[TimeControl "5400+30"]

1. d4 d5 2. c4 dxc4 3. Nf3 Nf6 4. e3 e6 5. Bxc4 a6 6. O-O c5 7. Bb3 Nc6 8. Nc3 Be7 9. dxc5 Qxd1 10. Rxd1 Bxc5 11. Bd2 O-O 12. Be1 e5 13. Rac1 e4 14. Nd4 Bg4 15. Nxc6 Bxd1 16. Nxd1 Bd6 17. Nd4 Rac8 18. Nc3 Rc5 19. Rd1 Re8 20. Bc2 h6 21. Nb3 Rc6 22. Na5 Rb6 23. Nc4 1-0

[Event "8th Menchik Memorial 2024"]
[Site "London"]
[Date "2024.03.23"]
[Round "3.4"]
[White "Garcia Martin, Marta"]
[Black "Hryshchenko, Kamila"]
[Result "1-0"]
[ECO "C41"]
[WhiteElo "2356"]
[BlackElo "2186"]
[Annotator "RC"]
[PlyCount "87"]
[EventDate "2024.03.22"]
[EventType "tourn"]
[EventCountry "ENG"]
[SourceTitle "playchess.com"]
[Source "ChessBase"]
[SourceQuality "1"]
[TimeControl "5400+30"]

1. e4 d6 2. d4 Nf6 3. Nc3 e5 4. Nf3 Nbd7 5. Bc4 Be7 6. O-O Nb6 7. Be2 exd4 8. Nxd4 O-O 9. a4 c5 10. Nf3 Bg4 11. a5 Nbd7 12. h3 Bxf3 13. Bxf3 Ne5 14. a6 Qb6 15. Be2 Rab8 16. Nd5 Qd8 17. Nxf6+ Bxf6 18. Qd5 b5 19. Rd1 Rb6 20. c3 b4 21. Be3 bxc3 22. bxc3 Qb8 23. Rac1 Re8 24. f4 Ng6 25. Bc4 Rf8 26. Kh1 Ne7 27. Qd3 Qc7 28. Rb1 Nc8 29. Bb5 Rb8 30. g4 h6 31. Rg1 Nb6 32. g5 hxg5 33. e5 dxe5 34. fxg5 e4 35. gxf6 exd3 36. Rxg7+ Kh8 37. Rg4 Qg3 38. Rxg3 Nd5 39. Rg4 Nxf6 40. Rh4+ Nh7 41. Bxc5 Rfd8 42. Bd4+ Kg8 43. Rg1+ Kf8 44. Bc5+ 1-0

[Event "8th Menchik Memorial 2024"]
[Site "London"]
[Date "2024.03.23"]
[Round "3.5"]
[White "Navrotescu, Andreea"]
[Black "Steil-Antoni, Fiona"]
[Result "1-0"]
[ECO "A21"]
[WhiteElo "2200"]
[BlackElo "2154"]
[Annotator "RC"]
[PlyCount "57"]
[EventDate "2024.03.22"]
[EventType "tourn"]
[EventCountry "ENG"]
[SourceTitle "playchess.com"]
[Source "ChessBase"]
[SourceQuality "1"]
[TimeControl "5400+30"]

1. c4 e5 2. Nc3 Bb4 3. Qb3 Nc6 4. e3 Nf6 5. Nge2 O-O 6. Nd5 Bc5 7. Nec3 a6 8. Nxf6+ Qxf6 9. Ne4 Qe7 10. Nxc5 Qxc5 11. Qc3 d6 12. a3 a5 13. b4 Qa7 14. Bb2 Bf5 15. b5 Ne7 16. Be2 f6 17. h4 Kh8 18. g4 Be6 19. g5 c5 20. h5 b6 21. h6 Ng6 22. hxg7+ Qxg7 23. gxf6 Qxf6 24. f4 Rae8 25. O-O-O Bf5 26. Rdf1 Qe6 27. Bf3 Qe7 28. Rh5 Qd7 29. Bc6 1-0

[Event "8th Menchik Memorial 2024"]
[Site "London"]
[Date "2024.03.23"]
[Round "4.1"]
[White "Arakhamia-Grant, Ketevan"]
[Black "Steil-Antoni, Fiona"]
[Result "1-0"]
[ECO "C02"]
[WhiteElo "2290"]
[BlackElo "2154"]
[Annotator "RC"]
[PlyCount "105"]
[EventDate "2024.03.22"]
[EventType "tourn"]
[EventCountry "ENG"]
[SourceTitle "playchess.com"]
[Source "ChessBase"]
[SourceQuality "1"]
[TimeControl "5400+30"]

1. e4 e6 2. d4 d5 3. e5 c5 4. c3 Nc6 5. Nf3 Bd7 6. Bd3 cxd4 7. O-O dxc3 8. Nxc3 a6 9. h4 b5 10. Re1 h6 11. Be3 Qc7 12. Rc1 Qa5 13. a3 Nge7 14. Ne2 g6 15. Ned4 Bg7 16. Nxc6 Nxc6 17. Bc5 Bf8 18. h5 Bxc5 19. Rxc5 gxh5 20. Qc1 Rc8 21. Qf4 Qd8 22. g3 Qe7 23. b4 Na7 24. Rec1 Rxc5 25. Rxc5 Nc8 26. Rc7 Kd8 27. Rb7 Ke8 28. Kh2 Qf8 29. Qh4 Qg7 30. Qxh5 Kd8 31. Qh4+ Ne7 32. Rb8+ Bc8 33. Rxc8+ Kxc8 34. Qxe7 h5 35. Qa7 h4 36. Qxa6+ Kc7 37. Qd6+ Kb7 38. Qd7+ Ka8 39. Qc6+ Ka7 40. Qc7+ Ka8 41. Bxb5 hxg3+ 42. Kg2 Rh2+ 43. Nxh2 gxh2+ 44. Kxh2 Qh7+ 45. Kg1 Qb1+ 46. Bf1 Qg6+ 47. Bg2 Qb1+ 48. Kh2 Qf5 49. Qd8+ Ka7 50. Qf6 Qh5+ 51. Kg3 Kb6 52. a4 Qe2 53. Bxd5 1-0

[Event "8th Menchik Memorial 2024"]
[Site "London"]
[Date "2024.03.23"]
[Round "4.2"]
[White "Hryshchenko, Kamila"]
[Black "Navrotescu, Andreea"]
[Result "0-1"]
[ECO "A07"]
[WhiteElo "2186"]
[BlackElo "2200"]
[Annotator "RC"]
[PlyCount "82"]
[EventDate "2024.03.22"]
[EventType "tourn"]
[EventCountry "ENG"]
[SourceTitle "playchess.com"]
[Source "ChessBase"]
[SourceQuality "1"]
[TimeControl "5400+30"]

1. Nf3 d5 2. g3 g6 3. Bg2 Bg7 4. d3 e5 5. Nc3 Nc6 6. e4 dxe4 7. Nxe4 h6 8. O-O Nge7 9. a4 f5 10. Nc3 Be6 11. Re1 Bf7 12. a5 O-O 13. a6 b6 14. Bd2 Qd7 15. b4 b5 16. Rb1 Rad8 17. h3 Rb8 18. Be3 Nd4 19. Ne2 Nd5 20. Bd2 Rfe8 21. c3 Nxe2+ 22. Qxe2 Rbd8 23. Red1 Qc8 24. Ra1 c6 25. Ra3 e4 26. Nd4 Nxb4 27. dxe4 Bc4 28. Qe3 Nd5 29. Qe1 b4 30. Ra5 c5 31. Ne2 fxe4 32. cxb4 Nxb4 33. Be3 Nd3 34. Qf1 Bxa6 35. Nf4 Nxf4 36. Rxd8 Bxf1 37. Rxc8 Rxc8 38. Bxe4 Bd3 39. gxf4 Bxe4 40. Bxc5 Bc3 41. Ra4 Rxc5 0-1

[Event "8th Menchik Memorial 2024"]
[Site "London"]
[Date "2024.03.23"]
[Round "4.3"]
[White "Smith, Olivia"]
[Black "Garcia Martin, Marta"]
[Result "0-1"]
[ECO "B30"]
[WhiteElo "2054"]
[BlackElo "2356"]
[Annotator "RC"]
[PlyCount "64"]
[EventDate "2024.03.22"]
[EventType "tourn"]
[EventCountry "ENG"]
[SourceTitle "playchess.com"]
[Source "ChessBase"]
[SourceQuality "1"]
[TimeControl "5400+30"]

1. e4 c5 2. Nc3 Nc6 3. Bb5 Nd4 4. Nf3 e6 5. O-O a6 6. Bd3 Nc6 7. Re1 g5 8. h3 h5 9. Nh2 Bg7 10. Bf1 Ne5 11. d4 cxd4 12. Ne2 g4 13. Nxd4 gxh3 14. gxh3 Ne7 15. Bg2 d6 16. c3 Bd7 17. a4 Qc7 18. Nhf3 O-O-O 19. a5 Rdg8 20. Nxe5 dxe5 21. Nf3 Bh6 22. Be3 Bxe3 23. fxe3 Bc6 24. Qc2 Nf5 25. Kh2 Ng3 26. Nd2 f5 27. Qb3 Rh6 28. Bh1 Rhg6 29. Rg1 Kb8 30. Rae1 Qg7 31. Qd1 Nxh1 32. Kxh1 Rg3 0-1

[Event "8th Menchik Memorial 2024"]
[Site "London"]
[Date "2024.03.23"]
[Round "4.4"]
[White "Sivanandan, Bodhana"]
[Black "Cosman, Andreea-Marioara"]
[Result "0-1"]
[ECO "B23"]
[WhiteElo "2088"]
[BlackElo "2115"]
[Annotator "RC"]
[PlyCount "122"]
[EventDate "2024.03.22"]
[EventType "tourn"]
[EventCountry "ENG"]
[SourceTitle "playchess.com"]
[Source "ChessBase"]
[SourceQuality "1"]
[TimeControl "5400+30"]

1. e4 c5 2. Nc3 d6 3. f4 g6 4. Nf3 Bg7 5. Bb5+ Bd7 6. a4 Nc6 7. d3 a6 8. Bxc6 Bxc6 9. a5 e6 10. O-O Ne7 11. Qe1 Bd7 12. Bd2 O-O 13. f5 exf5 14. Qh4 Nc6 15. Bg5 f6 16. Bd2 Ne5 17. Nd5 Be6 18. Nb6 Rb8 19. exf5 gxf5 20. Bh6 Qe7 21. Rae1 Rbe8 22. d4 Ng6 23. Qh5 Bxh6 24. Qxh6 Qg7 25. Qxg7+ Kxg7 26. Rf2 Bf7 27. Rfe2 Rxe2 28. Rxe2 Rd8 29. Kf2 Kf8 30. g3 f4 31. g4 cxd4 32. Nxd4 Ne5 33. h3 d5 34. c3 Re8 35. Rd2 Bg6 36. Nf5 h5 37. Nd6 Re6 38. gxh5 Nd3+ 39. Kg1 Re1+ 40. Kg2 Be4+ 41. Nxe4 dxe4 42. Nd5 f3+ 43. Kg3 Re2 44. Rd1 f2 45. Rf1 Re1 46. Kg2 e3 47. Nb6 Nf4+ 48. Kf3 Rxf1 49. Kxf4 e2 50. Nd7+ Kg7 51. h6+ Kxh6 52. Nxf6 e1=Q 53. Ng4+ Kg7 54. h4 Rg1 55. Nxf2 Qxf2+ 56. Ke4 Qe2+ 57. Kd4 Rg4+ 58. Kc5 Qb5+ 59. Kd6 Qc6+ 60. Ke5 Kf7 61. h5 Qe6# 0-1